 Dungeon Crawl Stone Soup version 0.29.0-11-gd7f09526c8 (webtiles) character file.

Game seed: 13397120770031307221

158132 experimilk the Warrior (level 16, -14/150 HPs)
             Began as a Palentonga Fighter on Sept 4, 2022.
             Was an Elder of Nemelex Xobeh.
             Demolished by a very large slime creature (37 damage)
             ... summoned by an orange crystal statue
             ... in an ice cave.
             The game lasted 02:04:41 (47478 turns).

experimilk the Warrior (Palentonga Fighter)        Turns: 47478, Time: 02:04:41

Health: -14/150    AC: 26    Str: 38    XL:     16   Next: 86%
Magic:  0/34       EV:  9    Int: 10    God:    Nemelex Xobeh [****..]
Gold:   318        SH: 13    Dex: 11    Spells: 15/15 levels left

rFire   + + .      SeeInvis +   b - +3 morningstar (freeze)
rCold   + + +      Faith    .   E - +2 shield of Resistance {rF++ rC++ Will++}
rNeg    . . .      Spirit   +   U - +3 ring mail of the Feeding Gods {rPois rC+ Str+3 Dex+2}
rPois   +          Reflect  .   f - +0 helmet
rElec   .          Harm     .   M - +2 cloak {Will+}
rCorr   .          Rampage  .   x - +1 pair of gloves "Dimubil" {Will+++}
Will    +++++                   (no barding)
Stlth   +.........              J - amulet of guardian spirit
HPRegen 0.35/turn               q - +6 ring of strength
MPRegen 0.24/turn               z - ring of magical power

@: curled up
A: large, rugged brown scales 3, see invisible, deformed body, roll 1, armoured
tail, reflexive curl
}: 1/15 runes: serpentine
a: Rolling Charge, Renounce Religion, Draw Escape, Draw Destruction, Draw
Summoning, Triple Draw, Deal Four


You were in an ice cave.
You worshipped Nemelex Xobeh.
Nemelex Xobeh was greatly pleased with you.
You visited 6 branches of the dungeon, and saw 27 of its levels.
You also visited: Gauntlet and Ice Cave.

You collected 2417 gold pieces.
You spent 2099 gold pieces at shops.

Inventory:

Hand Weapons
 a - a +3 demon whip of venom
 b - a +3 morningstar of freezing (weapon)
 H - a +2 mace of holy wrath
Missiles
 D - 4 throwing nets
Armour
 f - a +0 helmet (worn)
 r - a +0 tower shield
 x - the +1 pair of gloves "Dimubil" (worn) {Will+++}
   (You found it on level 6 of the Dungeon)

   Will:      It greatly increases your willpower.
 E - the +2 shield of Resistance (worn) {rF++ rC++ Will++}
   (You found it on level 9 of the Dungeon)

   rF:        It greatly protects you from fire.
   rC:        It greatly protects you from cold.
   Will:      It greatly increases your willpower.
 M - a +2 cloak of willpower (worn)
 Q - a +1 plate armour of willpower
 U - the +3 ring mail of the Feeding Gods (worn) {rPois rC+ Str+3 Dex+2}
   (You found it on level 5 of the Lair of Beasts)

   Str:       It affects your strength (+3).
   Dex:       It affects your dexterity (+2).
   rC:        It protects you from cold.
   rPois:     It protects you from poison.
Jewellery
 d - a +6 ring of dexterity
 e - a ring of resist corrosion
 g - an amulet of reflection
 k - a ring of protection from fire
 q - a +6 ring of strength (left hand)
 z - a ring of magical power (right hand)
 I - an amulet of the acrobat
 J - an amulet of guardian spirit (around neck)
 V - a ring of protection from fire
 W - a +6 ring of strength
 X - a ring of willpower
Wands
 m - a wand of acid (15)
 o - a wand of polymorph (12)
 w - a wand of flame (34) (quivered)
 y - a wand of mindburst (22)
 C - a wand of paralysis (11)
 L - a wand of iceblast (22)
Scrolls
 l - 2 scrolls of butterflies
 n - a scroll of immolation
 p - 5 scrolls of teleportation
 s - 3 scrolls of poison
 P - 4 scrolls of magic mapping
 R - 5 scrolls of identify
 Z - a scroll of silence
Potions
 c - 2 potions of flight
 h - 5 potions of mutation
 i - 2 potions of curing
 j - 5 potions of attraction
 t - 4 potions of magic
 v - 5 potions of lignification
 A - a potion of ambrosia
 B - 2 potions of might
 G - a potion of invisibility
 K - a potion of resistance
Miscellaneous
 u - a box of beasts
 S - a phantom mirror


   Skills:
 * Level 17.0 Fighting
 + Level 16.5 Maces & Flails
 + Level 12.7 Armour
 - Level 3.0 Dodging
 - Level 12.0 Shields
 + Level 12.9 Invocations


You had 15 spell levels left.
You didn't know any spells.
Your spell library contained the following spells:

 Spells                   Type           Power      Damage    Failure   Level
 Apportation              Tloc           0%         N/A       63%         1
 Necrotise                Necr           0%         1d4       63%         1
 Sandblast                Erth           0%         2d4       63%         1
 Shock                    Conj/Air       0%         1d3       63%         1
 Slow                     Hex            0%         N/A       63%         1
 Sting                    Tmut/Pois      0%         1d3       63%         1
 Summon Small Mammal      Summ           0%         N/A       63%         1
 Ensorcelled Hibernation  Hex/Ice        0%         N/A       77%         2
 Passwall                 Tmut/Erth      0%         N/A       77%         2
 Static Discharge         Conj/Air       0%         3-3/arc   77%         2
 Confusing Touch          Hex            0%         N/A       94%         3
 Frozen Ramparts          Ice            0%         1d1       94%         3
 Gell's Gravitas          Tloc           0%         N/A       94%         3
 Lesser Beckoning         Tloc           0%         N/A       94%         3
 Ozocubu's Armour         Ice            0%         N/A       94%         3
 Stone Arrow              Conj/Erth      0%         3d7       94%         3
 Swiftness                Air            0%         N/A       94%         3
 Teleport Other           Tloc           0%         N/A       94%         3
 Tukima's Dance           Hex            0%         N/A       94%         3
 Vampiric Draining        Necr           0%         2d6       94%         3
 Airstrike                Air            0%         2d(0-16)  100%        4
 Dispel Undead            Necr           0%         3d6       100%        4
 Hailstorm                Conj/Ice       0%         3d3       100%        4
 Ice Form                 Ice/Tmut       0%         N/A       100%        4
 Passage of Golubria      Tloc           0%         N/A       100%        4
 Sticky Flame             Conj/Fire      0%         2d3       100%        4
 Summon Ice Beast         Ice/Summ       0%         N/A       100%        4
 Alistair's Intoxication  Tmut/Pois      0%         N/A       100%        5
 Borgnjor's Vile Clutch   Necr/Erth      0%         N/A       100%        5
 Irradiate                Conj/Tmut      0%         3d11      100%        5
 Lightning Bolt           Conj/Air       0%         1d11      100%        5
 Yara's Violent Unravell  Hex/Tmut       0%         3d3       100%        5
 Eringya's Noxious Bog    Tmut/Pois      0%         N/A       100%        6
 Simulacrum               Ice/Necr       0%         N/A       100%        6
 Ozocubu's Refrigeration  Ice            0%         4d7       100%        7
 Maxwell's Capacitive Co  Air            0%         ∞         100%        8
 Chain Lightning          Conj/Air       0%         N/A       100%        9
 Fire Storm               Conj/Fire      0%         5d1       100%        9
 Shatter                  Erth           0%         3d5*      100%        9


Dungeon Overview and Level Annotations

Branches:
Dungeon (13/15)            Temple (1/1) D:4            Lair (5/5) D:8
  Swamp (2/4) Lair:2        Snake (4/4) Lair:3        Slime (0/5) Lair:4
    Orc (2/2) D:10            Elf (0/3) Orc:2        Vaults (0/5) D:13
  IceCv (1/1)             Gauntlet (visited)

Altars:
Fedhas
Hepliaklqana
Nemelex Xobeh
Uskayaw
Wu Jian
Xom
Jiyva
Lugonu

Shops:
D:5 :   D:7 *   D:12 ?   Orc:2 :*!*   Snake:2 [(**   Snake:3 (*

Portals:
Abyss: Lair:4 Lair:5

Annotations:
Lair:1 exclusion: 2 oklob plants
Snake:4 3 runed translucent doors, BubbleThief's ghost, adept NaVM IceCv exclusion: orange crystal statue


Innate Abilities, Weirdness & Mutations

You are completely covered in rugged brown scales. (AC +3, +7% HP)
You have supernaturally acute eyesight. (SInv)
Armour fits poorly on your strangely shaped body.
You can roll at nearby foes to attack.
You have a long armoured tail.
You curl defensively after being hit. (AC +7*)


Message History

A large slime creature splits.
The slime creature completely misses you.
You impale the slime creature!! You freeze the slime creature.
The slime creature is severely wounded.
The slime creature hits you!
* * * LOW HITPOINT WARNING * * *
Two slime creatures merge to form a large slime creature.
Unknown command.
You barely miss the slime creature.
The slime creature is heavily wounded.
Two slime creatures merge to form a very large slime creature.
Unknown command.
You feel better. You block the slime creature's attack.
You feel better. The slime creature hits you.
* * * LOW HITPOINT WARNING * * *
You block the very large slime creature's attack.
You feel better.
The slime creature hits you but does no damage.
You block the very large slime creature's attack.
You barely miss the slime creature.
The slime creature is heavily wounded.
You block the slime creature's attack.
The very large slime creature misses you.
Unknown command.
You barely miss the slime creature.
The slime creature is heavily wounded.
You block the slime creature's attack.
The very large slime creature hits you!!
* * * LOW HITPOINT WARNING * * *
Unknown command.
You draw a card...
You have drawn the Storm.
A fierce wind blows from the card.
The slime creature is blown away by the wind.
The electrical discharge engulfs the slime creature!
The slime creature is severely wounded.
The electrical discharge engulfs the slime creature!
The slime creature is almost dead.
You hear mighty peals of thunder!
The very large slime creature hits you!!!
You die...
Your body glows slightly and disappears.

##### ##.∩.##
#..∩..# ##...##
##.## ##.##
####...####
#........#####
#.....#####.#@Z.###
...##
...####J...### .#
....####.J..####
#......###.....##
#....##.....##
####....##.....#
............#.....#
###8...###JZ......#
###.. ###.....##


You could see a very large slime creature (summoned), a slime creature and a
glowing shapeshifter simulacrum (summoned).

Vanquished Creatures
  Vashnia (Snake:3)
  A nagaraja (Snake:4)
  Kirke (Lair:3)
  Aizul (Snake:4)
  A quicksilver ooze (IceCv)
  An eleionoma (Swamp:1)
  A bunyip (Swamp:1)
  A great orb of eyes (Swamp:1)
  4 vault guards (D:13)
  3 salamander tyrants
  4 hydras
  An ice dragon (Snake:2)
  A ghost crab (Swamp:2)
  2 ogre magi (D:13)
  6 anacondas
  13 naga warriors
  A centaur warrior (D:13)
  4 two-headed ogres
  2 death yaks (Snake:4)
  4 orc high priests (Orc:2)
  5 shock serpents
  14 naga sharpshooters
  4 thrashing horrors (Lair:5)
  Nergalle (Lair:3)
  A deep elf knight (D:13)
  A soul eater (Gauntlet)
  Amaemon (D:8)
  3 salamander mystics
  A sea snake (Snake:1)
  A spriggan druid (Swamp:1)
  A swamp dragon (Snake:1)
  9 naga ritualists
  An orange crystal statue (IceCv)
  2 bog bodies (Swamp:1)
  A deep elf pyromancer (D:13)
  An ugly thing (Lair:5)
  4 orc knights
  8 mana vipers
  9 salamanders
  A wolf spider (Lair:2)
  2 cyclopes
  An elephant (Orc:2)
  4 guardian serpents
  A smoke demon (Lair:5)
  An eye of devastation (Snake:2)
  10 naga magi
  An orange demon (D:8)
  2 gargoyles
  An ice statue (Swamp:2)
  29 black mambas
  2 torpor snails
  2 unseen horrors
  Psyche (D:11)
  2 kobold demonologists (D:13)
  8 komodo dragons
  5 cane toads
  2 rime drakes (Lair:1)
  A minotaur zombie (Gauntlet)
  A yaktaur (D:13)
  2 ancient zymes (Lair:5)
  7 trolls
  A bloated husk (Swamp:2)
  2 tyrant leeches
  Grinder (D:6)
  4 hornets
  17 blink frogs
  4 dream sheep (Lair:3)
  6 slime creatures
  2 snapping turtles
  A culicivora (shapeshifter) (Lair:5)
  A jumping spider (Snake:2)
  2 shadows
  4 spriggans
  5 wyverns
  3 ynoxinuls
  A human (Orc:2)
  37 yaks
  A fire elemental (Orc:2)
  2 hogs (Lair:3)
  A fire bat (Snake:1)
  Eustachio (D:5)
  7 basilisks
  A redback (Orc:2)
  2 chaos spawn (Lair:5)
  4 steam dragons
  6 vampire mosquitoes
  47 nagas
  5 swamp worms
  7 wargs
  A hell hound (Orc:2)
  A large abomination (Lair:5)
  2 acid dragons (D:12)
  10 water moccasins
  20 orc warriors
  2 swamp drakes (Orc:2)
  An ice beast (D:5)
  A sky beast (Snake:3)
  A great orb of eyes simulacrum (IceCv)
  3 ogres
  18 wolves (Lair:5)
  2 black bears
  3 boggarts
  8 centaurs
  2 phantoms
  2 kobold brigands
  3 slime creature simulacra (IceCv)
  14 bullfrogs
  4 scorpions
  3 glowing shapeshifter simulacra (IceCv)
  9 small abominations (Lair:5)
  17 wights
  12 killer bees
  3 howler monkeys
  4 electric eels (Snake:1)
  4 iron imps (Gauntlet)
  18 orc priests
  5 hounds
  5 jellies
  A gnoll bouda (D:8)
  3 iguanas
  23 orc wizards
  Natasha (D:2)
  13 gnolls
  9 adders
  A river rat (Orc:2)
  4 shadow imps
  A white imp (D:7)
  An ufetubus (D:5)
  3 worms
  68 orcs
  11 endoplasms
  2 giant cockroaches
  7 goblins
  8 hobgoblins
  2 quokkas
  11 ball pythons
  6 bats
  5 frilled lizards
  23 kobolds
  5 rats
  A lurking horror (Lair:4)
769 creatures vanquished.

Vanquished Creatures (collateral kills)
  Jorgrun (Orc:2)
  Mlioglotl (Swamp:1)
  Azrael (Orc:2)
  A minotaur (Gauntlet)
  Harold (D:10)
  Fannar (Lair:1)
  A hydra (Lair:2)
  2 anacondas
  Erica (Lair:2)
  An alligator (Swamp:1)
  A naga warrior (Snake:4)
  Urug (Lair:3)
  A mana viper (Snake:3)
  3 black mambas
  A smoke demon (Lair:5)
  A komodo dragon (Lair:5)
  A kobold demonologist (D:10)
  A polar bear (Lair:3)
  2 blink frogs (Lair:5)
  A tyrant leech (Swamp:2)
  A hornet (Swamp:2)
  2 dream sheep (Lair:3)
  2 spriggans (Swamp:2)
  6 yaks
  3 fire elementals (Orc:2)
  2 nagas
  A swamp worm (Swamp:1)
  A hell hound (Orc:2)
  4 wolves (Lair:5)
  A small abomination (Lair:5)
  2 orcs (D:10)
  3 kobolds (D:10)
52 creatures vanquished.

Vanquished Creatures (others)
  2 bloated husks (Swamp:1)
  A hornet (Swamp:2)
  2 humans (Lair:3)
  A river rat (Orc:2)
  52 fungi
  122 plants
180 creatures vanquished.

Grand Total: 1001 creatures vanquished

Notes
Turn   | Place    | Note
-------+----------+-------------------------------------------
     0 | D:1      | experimilk the Palentonga Fighter began the quest for the
                  | Orb.
     0 | D:1      | Reached XP level 1. HP: 19/19 MP: 1/1
   303 | D:1      | Reached XP level 2. HP: 21/25 MP: 2/2
   466 | D:1      | Reached XP level 3. HP: 8/31 MP: 3/3
  1419 | D:2      | Reached XP level 4. HP: 37/37 MP: 4/4
  1448 | D:2      | Found a sparkling altar of Nemelex Xobeh.
  1455 | D:2      | Became a worshipper of Nemelex Xobeh the Trickster
  1593 | D:2      | Noticed Natasha
  1595 | D:2      | Killed Natasha
  1788 | D:2      | Found the +7 Throatcutter {drain, coup de grace}
  1849 | D:2      | Found a faded altar of an unknown god.
  2333 | D:3      | Reached * piety under Nemelex Xobeh
  2355 | D:3      | Reached skill level 5 in Maces & Flails
  2591 | D:3      | Reached XP level 5. HP: 43/43 MP: 5/5
  3076 | D:3      | Received a gift from Nemelex Xobeh
  3300 | D:3      | Found a hide-covered altar of Uskayaw.
  3398 | D:3      | Found a blossoming altar of Fedhas.
  3571 | D:4      | Found a staircase to the Ecumenical Temple.
  3577 | Temple   | Entered the Ecumenical Temple
  4443 | D:4      | Found a hazy altar of Hepliaklqana.
  4491 | D:4      | Reached XP level 6. HP: 48/50 MP: 6/6
  4511 | D:4      | Reached ** piety under Nemelex Xobeh
  5481 | D:5      | Entered Level 5 of the Dungeon
  5502 | D:5      | Noticed Eustachio
  5514 | D:5      | Gained mutation: You curl defensively after being hit. (AC
                  | +7*) [Palentonga growth]
  5514 | D:5      | Reached XP level 7. HP: 31/55 MP: 7/7
  6876 | D:5      | Found Ysche Tij's Book Shoppe.
  6902 | D:5      | Reached XP level 8. HP: 42/62 MP: 8/8
  6914 | D:5      | HP: 2/62 [adder (2)]
  7353 | D:5      | Reached skill level 10 in Maces & Flails
  7630 | D:5      | Killed Eustachio
  8594 | D:6      | Noticed Grinder
  9227 | D:6      | Identified the +1 pair of gloves "Dimubil" {Will+++}
  9553 | D:6      | Killed Grinder
  9554 | D:6      | Reached XP level 9. HP: 62/67 MP: 9/9
  9834 | D:7      | Found Lutaf's Lightly-Used Armoury.
 10910 | D:8      | Reached skill level 1 in Invocations
 11151 | D:8      | Noticed a komodo dragon
 11157 | D:8      | Killed a komodo dragon
 11158 | D:8      | Reached XP level 10. HP: 58/74 MP: 11/11
 11680 | D:8      | Found a staircase to the Lair.
 11809 | D:9      | Noticed a two-headed ogre
 11816 | D:9      | Killed a two-headed ogre
 11817 | D:9      | Reached skill level 4 in Fighting
 12027 | D:9      | Reached *** piety under Nemelex Xobeh
 12069 | D:9      | Received a gift from Nemelex Xobeh
 12357 | D:9      | Reached skill level 5 in Invocations
 12888 | D:9      | Found the +2 shield of Resistance {rF++ rC++ Will++}
 13296 | D:9      | Reached skill level 5 in Fighting
 13448 | D:10     | Entered Level 10 of the Dungeon
 14126 | D:10     | Noticed Harold
 14130 | D:10     | Killed Harold
 14131 | D:10     | Reached skill level 5 in Shields
 14131 | D:10     | Reached XP level 11. HP: 86/86 MP: 15/15
 14411 | D:10     | Found a staircase to the Orcish Mines.
 14440 | D:10     | Reached skill level 6 in Fighting
 14440 | D:10     | Reached skill level 5 in Armour
 15229 | Lair:1   | Entered Level 1 of the Lair of Beasts
 15235 | Lair:1   | Noticed Fannar
 15248 | Lair:1   | Killed Fannar
 15458 | Lair:1   | Noticed Amaemon
 15464 | Lair:1   | Noticed a five-headed hydra
 15475 | D:8      | Killed Amaemon
 15783 | D:11     | Noticed Psyche
 15793 | D:11     | Killed Psyche
 15813 | D:11     | Reached **** piety under Nemelex Xobeh
 16524 | D:11     | Reached skill level 7 in Fighting
 17375 | D:8      | Killed a five-headed hydra
 17899 | D:8      | Reached XP level 12. HP: 89/98 MP: 17/17
 18054 | Lair:1   | Reached skill level 8 in Fighting
 18252 | Lair:1   | Received a gift from Nemelex Xobeh
 19137 | Lair:2   | You fall into a shaft and drop 1 floor!
 19180 | Lair:3   | Noticed a seven-headed hydra
 19189 | Lair:3   | Killed a seven-headed hydra
 19190 | Lair:3   | Reached skill level 9 in Fighting
 19212 | Lair:2   | Noticed Erica
 19219 | Lair:2   | Killed Erica
 19529 | Lair:2   | Noticed a six-headed hydra
 19602 | Lair:2   | Found a staircase to the Swamp.
 19923 | Lair:2   | Received a gift from Nemelex Xobeh
 20046 | Lair:2   | Noticed a five-headed hydra
 20053 | Lair:2   | Killed a five-headed hydra
 20243 | Lair:2   | a six-headed hydra changed into a wolf spider
 20594 | Lair:3   | Noticed Urug
 20607 | Lair:3   | Killed Urug
 20679 | Lair:3   | Found a staircase to the Snake Pit.
 21080 | Lair:3   | Noticed Kirke
 21091 | Lair:3   | Killed Kirke
 21370 | Lair:3   | Noticed Nergalle
 21371 | Lair:3   | Killed Nergalle
 21372 | Lair:3   | Reached XP level 13. HP: 108/108 MP: 19/19
 21409 | Lair:3   | Received a gift from Nemelex Xobeh
 22563 | Lair:4   | Found a one-way gate to the infinite horrors of the Abyss.
 22569 | Lair:4   | Found a viscous altar of Jiyva.
 22571 | Lair:4   | Found a corrupted altar of Lugonu.
 22578 | Lair:4   | Found a staircase to the Slime Pits.
 22674 | Lair:4   | Reached ***** piety under Nemelex Xobeh
 22674 | Lair:4   | Received a gift from Nemelex Xobeh
 22836 | Lair:5   | Entered Level 5 of the Lair of Beasts
 23372 | Lair:5   | Identified the +4 hand axe of Disarray {vorpal, rElec rPois
                  | rF- rC+++}
 24067 | Lair:5   | Found a corrupted altar of Lugonu.
 24698 | Lair:5   | Received a gift from Nemelex Xobeh
 25102 | Lair:5   | Reached skill level 15 in Maces & Flails
 25106 | Lair:5   | Reached skill level 10 in Invocations
 25182 | Lair:5   | Got the Compilation of Transfiguration
 25349 | Lair:5   | Identified the +3 ring mail of the Feeding Gods {rPois rC+
                  | Str+3 Dex+2}
 26166 | D:12     | Received a gift from Nemelex Xobeh
 26174 | D:12     | Found Futuxkuh's Magic Scroll Shoppe.
 26179 | D:12     | Bought a scroll of enchant weapon for 90 gold pieces
 26179 | D:12     | Bought a scroll of fear for 48 gold pieces
 26179 | D:12     | Bought a scroll of blinking for 90 gold pieces
 26179 | D:12     | Bought a scroll of teleportation for 36 gold pieces
 26287 | Orc:1    | Entered Level 1 of the Orcish Mines
 26400 | Orc:2    | Entered Level 2 of the Orcish Mines
 26457 | Orc:2    | Reached XP level 14. HP: 88/116 MP: 21/21
 26497 | Orc:2    | Found a gate leading to a gauntlet.
 26498 | Orc:2    | Found a staircase to the Elven Halls.
 26505 | Gauntlet | Entered a Gauntlet
 26505 | Gauntlet | Found a transporter.
 26512 | Gauntlet | Found a transporter.
 26514 | Gauntlet | Found a transporter.
 26519 | Gauntlet | Received a gift from Nemelex Xobeh
 26526 | Gauntlet | Found a runed translucent gate.
 26526 | Gauntlet | Found a runed translucent gate.
 26526 | Gauntlet | Found a runed translucent gate.
 26529 | Gauntlet | Found a transporter.
 26531 | Gauntlet | Found a transporter.
 26540 | Gauntlet | Found a runed translucent door.
 26543 | Gauntlet | Found a transporter.
 26559 | Gauntlet | Found a transporter.
 26572 | Gauntlet | Found a transporter.
 26579 | Gauntlet | Found a transporter.
 26596 | Gauntlet | Found a transporter.
 26596 | Gauntlet | Found a transporter.
 26598 | Gauntlet | Found a transporter.
 26637 | Gauntlet | Found a transporter.
 26687 | Gauntlet | Reached skill level 10 in Fighting
 27287 | Gauntlet | Identified the +1 arbalest "Fexzudd" {speed, rElec}
 27288 | Gauntlet | Identified the +0 quarterstaff of Conscience {vorpal, rN+
                  | MP-9 Str+2 Int+4}
 27549 | Orc:2    | Received a gift from Nemelex Xobeh
 27677 | Orc:2    | Reached skill level 10 in Shields
 27906 | Orc:2    | Reached skill level 10 in Armour
 28697 | Orc:2    | Found Olebae's Assorted Antiques.
 28697 | Orc:2    | Found Keamai's Book Boutique.
 28698 | Orc:2    | Found Tuarenli's Distillery.
 28698 | Orc:2    | Found Fal Rudd's Assorted Antiques.
 28872 | Orc:2    | Noticed Azrael
 28873 | Orc:2    | Noticed Jorgrun
 28888 | Orc:2    | Killed Azrael
 28893 | Orc:2    | Killed Jorgrun
 30025 | D:5      | Bought a manual of Fighting for 1040 gold pieces
 30273 | D:12     | Received a gift from Nemelex Xobeh
 31011 | D:13     | Received a gift from Nemelex Xobeh
 31123 | D:13     | Reached skill level 11 in Fighting
 31738 | D:13     | Received a gift from Nemelex Xobeh
 32565 | D:13     | Found a gate to the Vaults.
 32935 | Snake:1  | Entered Level 1 of the Snake Pit
 33437 | Snake:1  | Reached skill level 12 in Fighting
 33455 | Snake:1  | Reached XP level 15. HP: 39/128 MP: 23/23
 33782 | Snake:1  | Received a gift from Nemelex Xobeh
 34786 | Snake:1  | Received a gift from Nemelex Xobeh
 35054 | Snake:2  | Found Kumuxt's General Store.
 35059 | Snake:2  | Bought 3 scrolls of brand weapon for 342 gold pieces
 35059 | Snake:2  | Bought a scroll of enchant weapon for 90 gold pieces
 35142 | Snake:2  | Found Nonn's Weapon Boutique.
 35602 | Snake:2  | Received a gift from Nemelex Xobeh
 36001 | Snake:2  | Found Zuemomn's General Store.
 36380 | Snake:2  | Bought a potion of resistance for 160 gold pieces
 36380 | Snake:2  | Bought a potion of heal wounds for 80 gold pieces
 36380 | Snake:2  | Bought a scroll of teleportation for 48 gold pieces
 36981 | Snake:2  | Received a gift from Nemelex Xobeh
 37323 | Snake:2  | Found Anar's Armour Emporium.
 38281 | Snake:3  | Received a gift from Nemelex Xobeh
 38316 | Snake:3  | Reached skill level 1 in Dodging
 38318 | Snake:3  | Noticed Vashnia
 38932 | Snake:3  | Reached skill level 13 in Fighting
 39760 | Snake:3  | Received a gift from Nemelex Xobeh
 40088 | Snake:3  | Received a gift from Nemelex Xobeh
 40093 | Snake:3  | Found Pejacry's Weapon Shop.
 40093 | Snake:3  | Found Zeqyemic's General Store.
 40821 | Orc:2    | Bought a potion of heal wounds for 75 gold pieces
 41242 | Snake:3  | Killed Vashnia
 41599 | Snake:3  | Reached skill level 14 in Fighting
 41886 | Snake:4  | Entered Level 4 of the Snake Pit
 41886 | Snake:4  | Noticed Aizul
 41905 | Snake:4  | Killed Aizul
 41938 | Snake:4  | Reached XP level 16. HP: 76/142 MP: 25/25
 42171 | Snake:4  | Found a runed translucent gate.
 42171 | Snake:4  | Noticed BubbleThief's ghost (adept NaVM)
 42172 | Snake:4  | Found a runed translucent gate.
 42223 | Snake:4  | Received a gift from Nemelex Xobeh
 42291 | Snake:4  | Found a runed translucent gate.
 42978 | Snake:4  | Received a gift from Nemelex Xobeh
 43077 | Snake:4  | Reached skill level 15 in Fighting
 44785 | Snake:4  | Reached skill level 16 in Fighting
 45070 | Snake:4  | Received a gift from Nemelex Xobeh
 45123 | Snake:4  | Got a serpentine rune of Zot
 45575 | Swamp:1  | Entered Level 1 of the Swamp
 45594 | Swamp:1  | Noticed Mlioglotl
 45609 | Swamp:1  | Killed Mlioglotl
 47304 | Swamp:2  | Received a gift from Nemelex Xobeh
 47310 | Swamp:2  | Found a frozen archway.
 47402 | IceCv    | Entered an ice cave
 47433 | IceCv    | Reached skill level 17 in Fighting
 47478 | IceCv    | Demolished by a very large slime creature

Illustrated notes

Levels and vault maps discovered:
D:1:      saegor_arrival_simple_a, layout_rooms
D:2:      minmay_inner_zag, layout_loops_corners,
          shapermc_ecumenical_altar_totnotflames, basic_altar, uniq_natasha
D:3:      layout_loops_cross, nicolae_overflow_squiral, minmay_pentomino_pile
D:4:      layout_gridville, kennysheep_mini_moat,
          minmay_temple_entry_proselytizer
D:5:      layout_basic, serial_shops, nicolae_shop_crystal, uniq_eustachio
D:6:      layout_cave_pools, uniq_grinder
D:7:      layout_rooms, minmay_shop_damaged
D:8:      layout_rooms, erik_lair_dragon, minmay_misc_feat_encased
D:9:      layout_basic, minmay_misc_feat_rows
D:10:     layout_irregular_city, minmay_orc_entry_guard_dogs,
          grunt_ministairs_9, corner_web_ring, uniq_harold
D:11:     layout_small_grid, uniq_psyche
D:12:     layout_loops_ring, serial_shops, nicolae_stop_n_shop_2
D:13:     layout_cave_pools, grunt_vaults_entry_fortified,
          grunt_decor_one_mirror, minivault_25_ag
Temple:   nicolae_temple_bog_church
Lair:1:   minmay_lair_oklob_tunnel, layout_concentric_octagons,
          small_statue_intersection, uniq_amaemon, uniq_fannar
Lair:2:   layout_loops_ring, minmay_swamp_entry_worms,
          infiniplex_staircase_pool_2, serial_bayou_shore_a, uniq_erica
Lair:3:   layout_cellular_growth, guppyfry_snake_entry_garden, minmay_holes,
          infiniplex_staircase_pool, uniq_urug, uniq_kirke, uniq_nergalle
Lair:4:   layout_misc_corridors, slime_entry_1, amcnicky_altar_lugonu_corruption
Lair:5:   hellmonk_lair_end_abyssal_woods, layout_layer_cave,
          grunt_forest_large_clearings
Swamp:1:  layout_basic_swamp, evilmike_swamp_ruin_house_1, swamp_pool2,
          uniq_mlioglotl
Swamp:2:  layout_basic_swamp, portal_ice_cave_entry_ice_statue_one,
          nicolae_swamp_big_swirl, swamp_pool1
Snake:1:  layout_grid_maze, serial_bayou, serial_bayou_pond_d,
          serial_bayou_pond_c, serial_bayou_ford_a, serial_bayou_crossing
Snake:2:  layout_chambers, serial_shops, shop_statue, shop,
          nicolae_shop_hallway_plus, shop
Snake:3:  layout_onion_interference, minmay_shoptagon, grunt_megastairs_2,
          uniq_vashnia
Snake:4:  minmay_snake_end_coiled, layout_layer_cave, gammafunk_ghost_split,
          uniq_aizul
Orc:1:    layout_diamond_mine, serial_shops, nicolae_shop_window_shopping,
          uniq_maurice
Orc:2:    st_orc_pillars, layout_diamond_mine, gauntlet_entry_generic,
          nicolae_orc_damp_corner, mines2_david, uniq_jorgrun, uniq_azrael
IceCv:    ice_cave_hellmonk_azure_passage

Skill      XL: |  1  2  3  4  5  6  7  8  9 10 11 12 13 14 15 16 |
---------------+-------------------------------------------------+-----
Maces & Flails | 3 4 5 6 8 9 12 14 15 16 | 16.5
Invocations    | 2 6 7 9 10 11 12 | 12.9
Shields        | 3 5 6 8 9 11 12 | 12.0
Armour         | 4 6 8 9 10 11 12 | 12.7
Fighting       | 5 7 9 12 14 17 | 17.0
Dodging        | 3 |  3.0

Action                   |  1- 3 |  4- 6 |  7- 9 | 10-12 | 13-15 | 16-18 || total
-------------------------+-------+-------+-------+-------+-------+-------++-------
Melee: Flail             |   102 |   138 |   262 |   209 |    65 |       ||   776
       Tailslap          |     3 |    12 |    51 |   107 |   231 |    54 ||   458
       Mace              |       |       |    74 |       |    70 |    11 ||   155
       Demon whip        |       |       |       |   411 |   772 |       ||  1183
       Morningstar       |       |       |       |       |   306 |   350 ||   656
Invok: Draw Destruction  |       |     3 |     1 |    13 |     6 |    13 ||    36
       Draw Escape       |       |     2 |       |     1 |    10 |     4 ||    17
       Draw Summoning    |       |       |       |    10 |     7 |     4 ||    21
       Deal Four         |       |       |       |     1 |    20 |     3 ||    24
       Draw Stack        |       |       |       |       |     5 |       ||     5
       Stack Five        |       |       |       |       |     1 |       ||     1
 Abil: Rolling Charge    |    14 |    36 |    47 |    82 |   164 |    48 ||   391
Evoke: Wand              |       |       |     7 |    13 |    26 |     2 ||    48
       Box of beasts     |       |       |       |       |     1 |       ||     1
       Phantom mirror    |       |       |       |       |     1 |       ||     1
  Use: Scroll            |     5 |     8 |     5 |    14 |    23 |     3 ||    58
       Potion            |       |       |     6 |     9 |     9 |     4 ||    28
 Stab: Invisible         |       |       |     1 |     2 |       |       ||     3
       Distracted        |       |       |       |     1 |     2 |     1 ||     4
       Paralysed         |       |       |       |     2 |       |       ||     2
       Confused          |       |       |       |       |     1 |       ||     1
       Fleeing           |       |       |       |       |     2 |       ||     2
Armor: Scale mail        |    34 |    58 |     3 |    70 |   120 |       ||   285
       Ring mail         |       |       |   112 |   150 |   316 |   100 ||   678
Dodge: Dodged            |    38 |    38 |   117 |   115 |   232 |    80 ||   620
Block: Buckler           |    18 |    28 |    71 |    36 |       |       ||   153
       Kite shield       |       |       |       |   195 |   614 |   262 ||  1071
       Reflection        |       |       |       |       |     9 |    23 ||    32
